 Dungeon Crawl Stone Soup version 0.30-a0-778-g2ef04afb54 (webtiles) character file.

Game seed: 9700489624970775604

9 Mickster the Chopper (level 1, -1/17 HPs)
             Began as a Demigod Gladiator on Feb 15, 2023.
             Slain by an adder (3 damage)
             ... on level 2 of the Dungeon.
             The game lasted 00:05:46 (381 turns).

Mickster the Chopper (Demigod Gladiator)             Turns: 381, Time: 00:05:46

Health: -1/17      AC:  4    Str: 15    XL:     1   Next: 86%
Magic:  3/3        EV: 12    Int: 10    God:
Gold:   4          SH:  0    Dex: 15    Spells: 0/0 levels left

rFire   . . .      SeeInvis .    a - +0 war axe
rCold   . . .      Faith    .    (no shield)
rNeg    . . .      Spirit   .    b - +0 leather armour
rPois   .          Reflect  .    c - +0 helmet
rElec   .          Harm     .    (no cloak)
rCorr   .          Rampage  .    (no gloves)
Will    .....                    (no boots)
Stlth   +                        (no amulet)
HPRegen 0.22/turn                (no ring)
MPRegen 0.08/turn                (no ring)

@: lethally poisoned (-1 -> -2)
A: high MP 1, forlorn, divine attributes
a: no special abilities


You were on level 2 of the Dungeon.
You visited 1 branch of the dungeon, and saw 2 of its levels.

You collected 30 gold pieces.
You spent 26 gold pieces at shops.

Inventory:

Hand Weapons
 a - a +0 war axe (weapon)
Missiles
 d - 3 throwing nets
 e - a javelin
 f - 7 stones
 h - 3 poisoned darts (quivered)
Armour
 b - a +0 leather armour (worn)
 c - a +0 helmet (worn)
Scrolls
 i - a scroll of enchant weapon {unknown}
 j - a scroll of identify
Potions
 g - a potion of might {unknown}


   Skills:
 + Level 2.2 Fighting
 + Level 2.8 Axes
 + Level 1.7 Throwing
 + Level 2.8 Dodging


You couldn't memorise any spells.
You didn't know any spells.
Your spell library was empty.

Dungeon Overview and Level Annotations

Branches:
Dungeon (2/15)

Shops:
D:1 ?


Innate Abilities, Weirdness & Mutations

You have an increased reservoir of magic. (+10% MP)
You shall have no god before yourself.
Your divine heritage dramatically boosts your attributes as you level up.


Message History

There is an entrance to Boebielo's Magic Scroll Shop here.
You have 30 gold pieces.
j - a scroll of identify Thank you for shopping at Boebielo's Magic Scroll Shop!
You open the door.
There is an open door here.
You see here a +0 dagger.
There is an open door here.
There is an open door here.
There is an escape hatch in the floor here.
You slide downwards.
The hatch slams shut behind you.
Found 17 gold pieces, a ring mail, a red potion and a viscous orange potion.
The hobgoblin shouts!
You hear a shout!
The bat barely misses you.
Found 7 stones.
The bat hits you but does no damage. The bat attacks as you move away!
The bat hits you. The bat barely misses you.
Found a stone staircase leading down.
The bat hits you but does no damage.
Found 12 gold pieces.
The bat hits you but does no damage.
Found a glowing sapphire potion.
The bat barely misses you. The adder closely misses you.
The adder attacks as you move away! The adder bites you but does no damage.
You miss the adder. The adder bites you. x2
You barely miss the adder. The adder misses you.
A hobgoblin comes into view.
The adder bites you.
You miss the adder.
The hobgoblin shouts!
The adder bites you.
You are poisoned.
The adder poisons you!
You closely miss the adder.
You feel sick. The adder barely misses you. The adder misses you.
You barely miss the adder.
You feel sick. The adder bites you.
* * * LOW HITPOINT WARNING * * *
The adder bites you but does no damage.
You hit the adder.
The adder is heavily wounded.
* * * LOW HITPOINT WARNING * * *
You feel sick. The adder bites you.
You die...

#.# #.# #######
#># ....!.# #.#
......#
########(##......#
$................#
.##......#.......#
..#.....gS@......#
...!....b##......#
[......g.##......#
##........########
.#...........#.
...............
...............
...............
...............


You could see an adder, 2 hobgoblins and a bat.

Vanquished Creatures
  2 dart slugs (D:1)
  A ball python (D:1)
  2 frilled lizards (D:1)
  A kobold (D:1)
6 creatures vanquished.

Notes
Turn   | Place    | Note
-------+----------+-------------------------------------------
     0 | D:1      | Mickster the Demigod Gladiator began the quest for the Orb.
     0 | D:1      | Reached XP level 1. HP: 17/17 MP: 3/3
   127 | D:1      | Upgraded the game from 0.30-a0-777-ga9a30cbeda to
                  | 0.30-a0-778-g2ef04afb54
   295 | D:1      | Found Boebielo's Magic Scroll Shop.
   319 | D:1      | Bought a scroll of identify for 26 gold pieces
   381 | D:2      | Slain by an adder

Illustrated notes

Levels and vault maps discovered:
D:1:      lemuel_arrival_room, layout_loops_corners, serial_shops,
          nicolae_shop_hallway_plus, minmay_tromino_mix6
D:2:      layout_rooms, basic_altar

Skill      XL: |  1 |
---------------+----+-----
Fighting       | 2 |  2.2
Axes           | |  2.8
Throwing       | |  1.7
Dodging        | |  2.8

Action                     || total
---------------------------++-------
  Melee: War axe           ||    22
         Punch             ||     1
    Use: Scroll            ||     1
 Armour: Leather armour    ||    12
  Dodge: Dodged            ||    16

Table legend: (Time is in decaauts)
 A = Elapsed time spent in this place.
 B = Non-inter-level travel time spent in this place.
 C = Inter-level travel time spent in this place.
 D = Time resting spent in this place.
 E = Time spent auto-exploring this place.
 F = Levels seen in this place.
 G = Mean time per level.
                   A        B        C        D        E       F      G
               +--------+--------+--------+--------+--------+-----+--------+
         Total |    388 |    357 |     31 |      0 |      0 |   2 |  194.0 |
       Dungeon |    388 |    357 |     31 |      0 |      0 |   2 |  194.0 |
               +--------+--------+--------+--------+--------+-----+--------+

Top non-repeatable levels by time:
     D:1: 371 daAuts
     D:2: 16 daAuts
